 Dungeon Crawl Stone Soup version bcrawl-1.39.1 (webtiles) character file.

Game seed: 53000701773069370

403855 polpettosauro the End of an Era (level 16, -3/190 HPs)
             Began as a Gnoll Monk on July 20, 2023.
             Was the Champion of Qazlal.
             Killed from afar by Arachne (8 damage)
             ... with a bolt of poison
             ... on level 3 of the Spider Nest on Sept 11, 2023.
             The game lasted 01:20:18 (31830 turns).

polpettosauro the End of an Era (Gnoll Monk)       Turns: 31830, Time: 01:20:19

Health: -3/190     AC:  8    Str: 15 (18) XL:     16   Next: 51%
Magic:  2/30       EV:  1    Int: 13 (15) God:    Qazlal [******]
Gold:   380        SH:  8    Dex: 18 (21) Spells: 19/36 levels left

rFire    + . .     GDR:     48%   - Branches (31.0)
rCold    + . .     SeeInvis .   (no shield)
rNeg     + + +     Gourm    .   (armour currently unavailable)
rPois    +         Faith    .   (helmet currently unavailable)
rElec    +         Spirit   .   (cloak currently unavailable)
rCorr    .         Reflect  .   (gloves currently unavailable)
MR       +....     NoTele   +   (boots currently unavailable)
Stlth    ++........             (no amulet)
HPRegen  0.41/turn              R - ring "Awusch" {rElec rF+ Dex+3}
MPRegen  0.22/turn              Y - ring of protection from cold

@: tree-form, protected from electricity, corroded, studying Maces & Flails,
repel missiles
A: giant, distributed training, strong nose
a: Upheaval, Elemental Force, Become The Storm, Renounce Religion


You were on level 3 of the Spider Nest.
You worshipped Qazlal.
Qazlal was exalted by your worship.
You were hungry.
You were a tree.
You visited 5 branches of the dungeon, and saw 23 of its levels.
You also visited: Sewer, Ossuary and Gauntlet.

You collected 2745 gold pieces.
You spent 2365 gold pieces at shops.

Inventory:

Hand Weapons
 b - a +1 demon trident of electrocution
 O - the +8 whip "Snakebite" {curare, rPois}
   (You found it on level 2 of the Lair of Beasts)

   It poisons the flesh of those it strikes.
   It protects you from poison.
Missiles
 o - 260 arrows
 V - 711 poisoned tomahawks (quivered)
Armour
 a - a +0 medium shield
 k - +0 acid dragon scales (melded)
 m - the cursed +0 pair of boots of Pragmatism (melded) {MR+}
   (You found it in a Gauntlet)

   It affects your resistance to hostile enchantments.
   It has a curse placed upon it.
 F - a +2 hat (melded)
Jewellery
 d - an uncursed amulet of guardian spirit
 L - an uncursed ring of protection from magic
 R - the ring "Awusch" (left branch) {rElec rF+ Dex+3}
   (You bought it in a shop on level 8 of the Dungeon)

   [ring of protection from fire]

   It affects your dexterity (+3).
   It protects you from fire.
   It insulates you from electricity.
 Y - a ring of protection from cold (right branch)
Wands
 c - a wand of iceblast (3)
 u - a wand of clouds (1)
 C - a wand of charming (10)
 N - a wand of paralysis (37)
 P - a wand of polymorph (22)
 Q - a wand of digging (15)
 T - a wand of flame (30)
 Z - a wand of random effects (9)
Scrolls
 f - 12 scrolls of remove curse
 g - a scroll of blinking
 h - 6 scrolls of fog
 i - 2 scrolls of identify
 s - 3 scrolls of immolation
 t - 3 scrolls of fear
 y - a scroll of brand weapon
 B - a scroll of silence {unknown}
 D - 5 scrolls of enchant armour
 H - a scroll of acquirement {unknown}
 M - 8 scrolls of teleportation
 S - a scroll of torment
 W - a scroll of vulnerability {unknown}
 X - 3 scrolls of amnesia
Potions
 j - 3 potions of ambrosia
 l - 2 potions of mutation
 p - a potion of invisibility
 q - a potion of agility
 r - 6 potions of brilliance
 v - 4 potions of curing
 w - 3 potions of berserk rage
 x - 6 potions of haste
 z - 2 potions of cancellation
 E - 3 potions of resistance
 G - 2 potions of magic
 I - 7 potions of flight
 J - a potion of heal wounds
 K - a potion of might
Miscellaneous
 U - a phial of floods (inert)
Comestibles
 e - 15 rations {!d}


   Skills:
 + Level 12.3 Fighting
 + Level 10.7 Short Blades
 + Level 10.7 Long Blades
 + Level 10.7 Axes
 + Level 12.2 Maces & Flails
 + Level 10.7 Polearms
 + Level 12.3 Staves
 + Level 10.7 Slings
 + Level 10.7 Bows
 + Level 10.7 Crossbows
 + Level 10.7 Throwing
 + Level 10.7 Armour
 + Level 12.3 Dodging
 + Level 11.5 Stealth
 + Level 10.7 Shields
 + Level 10.7 Unarmed Combat
 + Level 10.7 Spellcasting
 + Level 9.1 Conjurations
 + Level 9.1 Hexes
 + Level 9.1 Charms
 + Level 9.1 Summonings
 + Level 9.1 Necromancy
 + Level 9.1 Translocations
 + Level 9.1 Transmutations
 + Level 9.1 Fire Magic
 + Level 9.1 Ice Magic
 + Level 9.1 Air Magic
 + Level 9.1 Earth Magic
 + Level 9.1 Poison Magic
 + Level 12.4 Invocations
 + Level 10.7 Evocations


You had 19 spell levels left.
You knew the following spells:

 Your Spells              Type           Power        Failure   Level  Hunger
a - Sticks to Snakes      Tmut           ####....     1%          2    None
b - Tree Form             Hex/Tmut       N/A          2%          4    None
c - Irradiate             Conj/Tmut      ####......   7%          5    ###....
d - Statue Form           Tmut/Erth      ####.....    36%         6    #####..

Your spell library contained the following spells:

 Spells                   Type           Power        Failure   Level  Hunger
 Beastly Appendage        Tmut           ####..       1%          1    None
 Magic Dart               Conj           ####         1%          1    None
 Corpse Rot               Necr           N/A          1%          2    None
 Passwall                 Tmut/Erth      ####....     1%          2    None
 Searing Ray              Conj           ####....     1%          2    None
 Iskenderun's Mystic Bla  Conj           ####....     1%          3    None
 Spider Form              Tmut/Pois      ###          1%          3    None
 Stone Arrow              Conj/Erth      ####..       1%          3    None
 Fulminant Prism          Conj/Hex       ####......   2%          4    None
 Ice Form                 Ice/Tmut       ####....     2%          4    None
 Blade Hands              Tmut           ####......   7%          5    ###....
 Bolt of Magma            Conj/Fire/Erth ####......   7%          5    ###....
 Freezing Cloud           Ice/Air        ####....     7%          5    ###....
 Metabolic Englaciation   Hex/Ice        ####......   7%          5    ###....
 Summon Forest            Summ/Tloc      ####......   7%          5    ###....
 Bolt of Cold             Conj/Ice       ####......   36%         6    #####..
 Iron Shot                Conj/Erth      ####......   36%         6    #####..
 Ozocubu's Refrigeration  Ice            ####......   36%         6    #####..
 Poison Arrow             Conj/Pois      ####......   36%         6    #####..
 Simulacrum               Ice/Necr       ####....     36%         6    #####..
 Summon Hydra             Summ           ####......   36%         6    #####..
 Shatter                  Erth           ####......   100%        9    #######


Dungeon Overview and Level Annotations

Branches:
Dungeon (12/12)            Temple (1/1) D:5            Lair (6/6) D:7
 Shoals (0/3) Lair:4       Spider (3/3) Lair:3        Slime (0/5) Orc
    Orc (1/1) D:10            Elf (0/3) Lair:5       Vaults (0/3) D:12
 Depths (0/5) D:12

Altars:
Ashenzari
Cheibriados
Dithmenos
Elyvilon
Fedhas
Gozag
Hepliaklqana
Kikubaaqudgha
Lugonu
Makhleb
Nemelex Xobeh
Okawaru
Qazlal
Ru
Sif Muna
Trog
Uskayaw
Vehumet
Wu Jian
Xom
Yredelemnul
Zin
The Shining One
Jiyva

Shops:
D:4 }   D:8 =   Orc :(*=

Annotations:
Spider:2 2 transporters, Morbidden's ghost, journeyman TrTm
Spider:3 Arachne Orc 1 runed door


Innate Abilities, Weirdness & Mutations

Your experience applies equally to all skills.
((You have very sharp teeth.))
Your uncanny sense of smell can sniff out nearby items.


Message History

Arachne is engulfed in blazing flames.
You block Arachne's attack. Arachne kicks you.
* * * LOW HITPOINT WARNING * * *
A web harmlessly splats on you.
The spark wasp is engulfed in blazing flames.
The hornet is engulfed in blazing flames.
The tarantella is engulfed in blazing flames.
The redback is engulfed in blazing flames.
You kill the redback!
Qazlal accepts your kill.
The spark wasp is engulfed in blazing flames.
The spark wasp stings you.
* * * LOW HITPOINT WARNING * * *
The spark wasp shocks you. You resist.
You feel more protected from electricity.
* * * LOW HITPOINT WARNING * * *
Arachne is engulfed in blazing flames.
Arachne stares at you and mumbles some strange words.
You resist. The bolt of poison hits you!
You die...

##...# #....#
###.## #ss# ##§##
#§s# #y## #y#
###♣# ###.H.# ##
##...§○#
#..###..s.#.....#
#.....#####.##...
##..##.##...####
#
#..##...#.#....##
#....#..#.......#
##.....#†...##..#


You could see Arachne, a spark wasp, an orb spider, a hornet, 2 tarantellas and
a redback.

Vanquished Creatures
  Jorgrun (Orc)
  2 emperor scorpions
  An orc warlord (Orc)
  2 ghost moths
  A minotaur (Gauntlet)
  A spark wasp (Spider:3)
  4 entropy weavers
  Azrael (Spider:2)
  2 fire dragons (Lair:6)
  2 mutant beasts (D:12)
  Sonja (D:11)
  4 hydras
  2 catoblepae
  5 two-headed ogres
  2 alligators
  An orc high priest (Orc)
  A queen ant (Lair:5)
  An ogre mage (D:12)
  A tengu warrior (D:11)
  A hell hog (Gauntlet)
  2 centaur warriors
  2 sixfirhies (Gauntlet)
  A fire crab (Lair:6)
  3 swamp dragons (Lair:3)
  A wolf spider zombie (D:10)
  6 orc knights
  5 orb spiders
  11 wolf spiders
  4 orc sorcerers
  A deep elf mage (D:12)
  An oklob plant (Lair:4)
  3 ugly things
  A wizard (D:12)
  A salamander (D:12)
  11 black mambas
  A torpor snail (Lair:4)
  12 cane toads
  A merfolk siren (Lair:4)
  2 molten gargoyles (Lair:6)
  A gargoyle (D:11)
  3 rime drakes
  2 minotaur zombies (Gauntlet)
  14 jumping spiders
  7 komodo dragons
  6 demonic crawlers
  2 yaktaurs (D:12)
  An efreet (D:12)
  6 trolls
  3 polar bears
  12 blink frogs
  Grum (Lair:5)
  2 raiju (Gauntlet)
  6 dream sheep (Lair:4)
  A hornet (Spider:2)
  A harpy skeleton (D:12)
  A slime creature (D:12)
  6 hippogriffs
  A shadow (D:11)
  14 tarantellas
  2 fire bats (Gauntlet)
  5 basilisks
  A fire bat (shapeshifter) (D:11)
  39 yaks
  A steam dragon (Lair:6)
  2 fire elementals (Spider:2)
  4 hungry ghosts
  4 wyverns
  31 redbacks
  2 wargs (Orc)
  An acid dragon (Lair:5)
  8 hell hounds
  Duvessa (D:5)
  12 crocodiles
  11 water moccasins
  28 orc warriors
  5 porcupines
  An ice beast (D:7)
  Purgy (Sewer)
  A sky beast (shapeshifter) (D:11)
  8 soldier ants
  2 sky beasts
  3 black bears
  3 phantoms
  2 necrophages
  9 ogres
  15 wolves
  2 kobold brigands
  6 bullfrogs
  A hornet simulacrum (D:12)
  6 centaurs
  Dowan (D:5)
  3 scorpions
  7 wights
  9 electric eels
  4 howler monkeys
  4 lava snakes (Lair:6)
  19 orc priests
  4 crimson imps
  A quasit (D:9)
  A bullfrog zombie (D:5)
  4 hounds
  2 jellies
  A gnoll shaman (D:10)
  A bullfrog skeleton (D:8)
  An iguana (D:7)
  29 worker ants
  Terence (D:2)
  26 orc wizards
  10 hell rats
  2 lightning spires (Gauntlet)
  A killer bee zombie (D:5)
  A hound zombie (D:8)
  3 hound skeletons
  2 mummies (Ossuary)
  6 gnolls
  5 adders
  2 centaur zombies (Ossuary)
  3 river rats (D:7)
  2 shadow imps
  An adder zombie (D:6)
  3 adder skeletons
  3 worms
  4 dart slugs
  8 leopard geckos
  70 orcs
  3 ball pythons (Sewer)
  4 bats
  8 giant cockroaches
  3 goblins
  7 hobgoblins
  8 jackals
  12 kobolds
  2 quokkas
  8 frilled lizards
  3 goblin zombies (Ossuary)
  15 hobgoblin zombies (Ossuary)
  2 jackal zombies (Ossuary)
  12 kobold zombies (Ossuary)
  3 orc zombies (Ossuary)
  3 rats
  A fungus (Lair:4)
  2 plants (Lair:4)
752 creatures vanquished.

Vanquished Creatures (collateral kills)
  Frances (D:12)
  An entropy weaver (Spider:1)
  A mutant beast (D:12)
  Nergalle (Orc)
  A cyclops (Orc)
  A manticore (D:12)
  A molten gargoyle (Lair:6)
  A yaktaur (D:12)
  A komodo dragon (Lair:1)
  A hippogriff (shapeshifter) (D:12)
  A redback (Spider:1)
  3 orc warriors (Orc)
  2 orc priests
  2 orcs (Orc)
18 creatures vanquished.

Vanquished Creatures (others)
  A two-headed ogre (D:12)
  3 slime creatures (D:12)
  A cane toad (Lair:5)
  A yaktaur (D:12)
  2 hippogriffs
  A harpy skeleton (D:12)
  2 yaks (Lair:5)
  2 wights (D:10)
  A crimson imp (D:10)
  2 orcs
  7 fungi
  48 plants
71 creatures vanquished.

Grand Total: 841 creatures vanquished

Notes
Turn   | Place    | Note
-------+----------+-------------------------------------------
     0 | D:1      | polpettosauro the Gnoll Monk began the quest for the Orb.
     0 | D:1      | Reached XP level 1. HP: 23/23 MP: 3/3
   239 | D:1      | Reached XP level 2. HP: 27/29 MP: 5/5
   960 | D:2      | Reached skill level 5 in Invocations
  1058 | D:2      | Reached XP level 3. HP: 35/35 MP: 6/6
  1366 | D:2      | Reached skill level 1 in Short Blades
  1366 | D:2      | Reached skill level 1 in Long Blades
  1366 | D:2      | Reached skill level 1 in Axes
  1366 | D:2      | Reached skill level 1 in Maces & Flails
  1366 | D:2      | Reached skill level 1 in Polearms
  1366 | D:2      | Reached skill level 1 in Slings
  1366 | D:2      | Reached skill level 1 in Bows
  1366 | D:2      | Reached skill level 1 in Crossbows
  1366 | D:2      | Reached skill level 1 in Throwing
  1366 | D:2      | Reached skill level 1 in Armour
  1366 | D:2      | Reached skill level 1 in Shields
  1366 | D:2      | Reached skill level 1 in Unarmed Combat
  1366 | D:2      | Reached skill level 1 in Spellcasting
  1366 | D:2      | Reached skill level 1 in Evocations
  1398 | D:2      | Noticed Terence
  1415 | D:2      | Killed Terence
  1416 | D:2      | Reached XP level 4. HP: 39/41 MP: 7/7
  1629 | D:2      | Reached skill level 1 in Conjurations
  1629 | D:2      | Reached skill level 1 in Hexes
  1629 | D:2      | Reached skill level 1 in Charms
  1629 | D:2      | Reached skill level 1 in Summonings
  1629 | D:2      | Reached skill level 1 in Necromancy
  1629 | D:2      | Reached skill level 1 in Translocations
  1629 | D:2      | Reached skill level 1 in Transmutations
  1629 | D:2      | Reached skill level 1 in Fire Magic
  1629 | D:2      | Reached skill level 1 in Ice Magic
  1629 | D:2      | Reached skill level 1 in Air Magic
  1629 | D:2      | Reached skill level 1 in Earth Magic
  1629 | D:2      | Reached skill level 1 in Poison Magic
  1897 | D:3      | Reached XP level 5. HP: 45/47 MP: 8/8
  2935 | D:4      | Found a sand-covered staircase.
  2948 | Ossuary  | Entered an ossuary
  3211 | Ossuary  | Reached XP level 6. HP: 53/53 MP: 8/10
  3397 | D:4      | Found Noilaogi's Gadget Emporium.
  3403 | D:4      | Reached skill level 5 in Stealth
  3535 | D:4      | Noticed a phantom
  3544 | D:4      | Killed a phantom
  3545 | D:4      | Reached XP level 7. HP: 59/59 MP: 11/11
  3931 | D:4      | Bought a wand of acid (7) for 192 gold pieces
  3945 | D:5      | Entered Level 5 of the Dungeon
  3964 | D:5      | Killed a hippogriff
  4090 | D:5      | Found a staircase to the Ecumenical Temple.
  4102 | D:5      | Found a radiant altar of Vehumet.
  4131 | Temple   | Entered the Ecumenical Temple
  4428 | Temple   | Became a worshipper of Qazlal Stormbringer
  4428 | Temple   | Reached * piety under Qazlal
  4428 | Temple   | Reached ** piety under Qazlal
  4460 | D:5      | Reached XP level 8. HP: 67/67 MP: 12/12
  4797 | D:5      | Noticed Dowan
  4798 | D:5      | Noticed Duvessa
  4804 | D:5      | Killed Dowan
  4847 | D:5      | Killed Duvessa
  4999 | D:5      | Noticed a hippogriff
  5012 | D:5      | Killed a hippogriff
  5166 | D:5      | Reached XP level 9. HP: 72/72 MP: 14/14
  5358 | D:6      | Found a glowing drain.
  5369 | Sewer    | Entered a sewer
  5490 | Sewer    | Noticed Purgy
  5501 | Sewer    | Killed Purgy
  5599 | D:6      | Reached *** piety under Qazlal
  6159 | D:7      | Noticed a death yak
  6162 | D:7      | Noticed a death yak
  6164 | D:7      | Noticed a death yak
  6677 | D:7      | Found a staircase to the Lair.
  7169 | D:7      | Found a staircase to the Lair.
  8106 | Lair:1   | Entered Level 1 of the Lair of Beasts
  8130 | Lair:1   | Reached XP level 10. HP: 23/80 MP: 3/17
  8370 | Lair:1   | Reached skill level 5 in Short Blades
  8370 | Lair:1   | Reached skill level 5 in Long Blades
  8370 | Lair:1   | Reached skill level 5 in Axes
  8370 | Lair:1   | Reached skill level 5 in Maces & Flails
  8370 | Lair:1   | Reached skill level 5 in Polearms
  8370 | Lair:1   | Reached skill level 5 in Slings
  8370 | Lair:1   | Reached skill level 5 in Bows
  8370 | Lair:1   | Reached skill level 5 in Crossbows
  8370 | Lair:1   | Reached skill level 5 in Throwing
  8370 | Lair:1   | Reached skill level 5 in Armour
  8370 | Lair:1   | Reached skill level 5 in Shields
  8370 | Lair:1   | Reached skill level 5 in Unarmed Combat
  8370 | Lair:1   | Reached skill level 5 in Spellcasting
  8370 | Lair:1   | Reached skill level 5 in Evocations
  8697 | Lair:1   | Noticed a cane toad
  8708 | Lair:1   | Killed a cane toad
  8733 | Lair:1   | Noticed a cane toad
  8733 | Lair:1   | Noticed a black mamba
  8747 | Lair:1   | Killed a black mamba
  8762 | Lair:1   | Killed a cane toad
  9172 | Lair:1   | Reached XP level 11. HP: 43/87 MP: 13/19
 10636 | Lair:2   | Reached skill level 5 in Conjurations
 10636 | Lair:2   | Reached skill level 5 in Hexes
 10636 | Lair:2   | Reached skill level 5 in Charms
 10636 | Lair:2   | Reached skill level 5 in Summonings
 10636 | Lair:2   | Reached skill level 5 in Necromancy
 10636 | Lair:2   | Reached skill level 5 in Translocations
 10636 | Lair:2   | Reached skill level 5 in Transmutations
 10636 | Lair:2   | Reached skill level 5 in Fire Magic
 10636 | Lair:2   | Reached skill level 5 in Ice Magic
 10636 | Lair:2   | Reached skill level 5 in Air Magic
 10636 | Lair:2   | Reached skill level 5 in Earth Magic
 10636 | Lair:2   | Reached skill level 5 in Poison Magic
 10892 | Lair:2   | Found the +8 whip "Snakebite" {curare, rPois}
 11361 | Lair:3   | Noticed a seven-headed hydra
 11365 | Lair:3   | Killed a seven-headed hydra
 11714 | Lair:3   | Found a transporter.
 11861 | Lair:3   | Reached **** piety under Qazlal
 12115 | Lair:3   | Reached XP level 12. HP: 32/96 MP: 11/22
 12376 | Lair:3   | Found a transporter.
 12417 | Lair:3   | Found a hole to the Spider Nest.
 13119 | Lair:4   | Found a staircase to the Shoals.
 14254 | Lair:4   | Reached skill level 10 in Fighting
 14254 | Lair:4   | Reached skill level 10 in Staves
 14254 | Lair:4   | Reached skill level 10 in Dodging
 14436 | Lair:5   | Noticed a four-headed hydra
 14442 | Lair:5   | Killed a four-headed hydra
 14603 | Lair:5   | Reached XP level 13. HP: 102/103 MP: 24/24
 14783 | Lair:5   | Found a hazy altar of Hepliaklqana.
 14843 | Lair:5   | Reached skill level 10 in Invocations
 15073 | Lair:5   | Noticed Grum
 15102 | Lair:5   | Killed Grum
 15472 | Lair:5   | Found a staircase to the Elven Halls.
 15844 | Lair:6   | Entered Level 6 of the Lair of Beasts
 15922 | Lair:5   | HP: 2/104 [catoblepas (18)]
 16437 | Lair:6   | Reached ***** piety under Qazlal
 17274 | Lair:6   | Reached XP level 14. HP: 83/111 MP: 20/26
 17603 | Lair:6   | Found a large runed door.
 17605 | Lair:6   | Found a large runed door.
 18542 | D:8      | Found Cygical's Jewellery Emporium.
 18563 | D:8      | Bought an uncursed ring of insulation for 275 gold pieces
 18563 | D:8      | Bought the ring "Awusch" {rElec rF+ Dex+3} for 498 gold
                  | pieces
 18729 | D:8      | Got a crude ring mail
 19315 | D:9      | Reached skill level 10 in Stealth
 19547 | D:9      | Found a sparkling altar of Nemelex Xobeh.
 20006 | D:10     | Entered Level 10 of the Dungeon
 20011 | D:10     | Noticed Frances
 20615 | D:11     | Noticed Sonja
 20623 | D:11     | Killed Sonja
 21261 | D:10     | Found a staircase to the Orcish Mines.
 22402 | Orc      | Entered the Orcish Mines
 22457 | Orc      | Found Mijy's Assorted Antiques.
 22490 | Orc      | Noticed Nergalle
 22510 | Orc      | Killed Nergalle
 22518 | Orc      | Found a gate leading to a gauntlet.
 22534 | Gauntlet | Entered a Gauntlet
 22534 | Gauntlet | Found a transporter.
 22534 | Gauntlet | Found a transporter.
 22719 | Gauntlet | Found a transporter.
 22719 | Gauntlet | Found a transporter.
 22730 | Gauntlet | Found a transporter.
 22730 | Gauntlet | Found a transporter.
 22739 | Gauntlet | Found a transporter.
 22739 | Gauntlet | Found a transporter.
 22762 | Gauntlet | Found a transporter.
 22776 | Gauntlet | Found a transporter.
 22798 | Gauntlet | Found a transporter.
 22810 | Gauntlet | Found a transporter.
 22847 | Gauntlet | Found a transporter.
 22862 | Gauntlet | Found a transporter.
 22961 | Gauntlet | Found a transporter.
 22976 | Gauntlet | Found a transporter.
 23742 | Gauntlet | Got a pair of blackened boots
 23748 | Gauntlet | Identified the cursed +0 pair of boots of Pragmatism {MR+}
                  | (You found it in a Gauntlet)
 24047 | Gauntlet | Reached skill level 10 in Maces & Flails
 24364 | Orc      | Found a runed door.
 24369 | Orc      | Found a viscous altar of Jiyva.
 24375 | Orc      | Noticed Jorgrun
 24383 | Orc      | Killed Jorgrun
 24384 | Orc      | Reached XP level 15. HP: 81/119 MP: 26/28
 24889 | Orc      | Noticed an orc warlord
 24897 | Orc      | Reached ****** piety under Qazlal
 24906 | Orc      | Killed an orc warlord
 25060 | Orc      | Found a roughly hewn altar of Beogh.
 25069 | Orc      | Found Haaj's Antique Weapon Emporium.
 25135 | Orc      | Found Doeke's Jewellery Emporium.
 25251 | Orc      | Found Jokum's Book Emporium.
 25258 | Orc      | Bought a book of the Earth for 650 gold pieces
 25258 | Orc      | Bought a Fen Folio for 750 gold pieces
 25261 | Orc      | Learned a level 2 spell: Sticks to Snakes
 25266 | Orc      | Learned a level 4 spell: Tree Form
 25272 | Orc      | Learned a level 5 spell: Irradiate
 25279 | Orc      | Learned a level 6 spell: Statue Form
 25371 | D:12     | Entered Level 12 of the Dungeon
 25940 | D:12     | Noticed an emperor scorpion
 25986 | D:11     | Killed an emperor scorpion
 25987 | D:11     | Reached skill level 10 in Short Blades
 25987 | D:11     | Reached skill level 10 in Long Blades
 25987 | D:11     | Reached skill level 10 in Axes
 25987 | D:11     | Reached skill level 10 in Polearms
 25987 | D:11     | Reached skill level 10 in Slings
 25987 | D:11     | Reached skill level 10 in Bows
 25987 | D:11     | Reached skill level 10 in Crossbows
 25987 | D:11     | Reached skill level 10 in Throwing
 25987 | D:11     | Reached skill level 10 in Armour
 25987 | D:11     | Reached skill level 10 in Shields
 25987 | D:11     | Reached skill level 10 in Unarmed Combat
 25987 | D:11     | Reached skill level 10 in Spellcasting
 25987 | D:11     | Reached skill level 10 in Evocations
 26183 | D:12     | Found a runed translucent door.
 26274 | D:12     | Killed Frances
 26533 | D:12     | Found a shattered altar of Ashenzari.
 26641 | D:12     | Found a gate to the Vaults.
 26724 | D:12     | Found a staircase to the Depths.
 27426 | Spider:1 | Entered Level 1 of the Spider Nest
 28077 | Lair:3   | Reached XP level 16. HP: 31/127 MP: 30/30
 29680 | Spider:2 | Noticed Azrael
 29702 | Spider:2 | Killed Azrael
 29842 | Spider:2 | Found a transporter.
 29958 | Spider:2 | Found a transporter.
 29966 | Spider:2 | Noticed Morbidden's ghost (journeyman TrTm)
 31642 | Spider:3 | Entered Level 3 of the Spider Nest
 31796 | Spider:3 | Noticed Arachne
 31830 | Spider:3 | HP: 9/190 [spark wasp[Arachne] (2)]
 31830 | Spider:3 | Killed from afar by Arachne

Skill      XL: |  1  2  3  4  5  6  7  8  9 10 11 12 13 14 15 16 |
---------------+-------------------------------------------------+-----
Invocations    | 5 6 7 8 9 10 11 12 | 12.4
Short Blades   | 1 2 3 4 5 6 7 8 9 10 | 10.7
Long Blades    | 1 2 3 4 5 6 7 8 9 10 | 10.7
Axes           | 1 2 3 4 5 6 7 8 9 10 | 10.7
Maces & Flails | 1 2 3 4 5 6 7 8 10 11 12 | 12.2
Polearms       | 1 2 3 4 5 6 7 8 9 10 | 10.7
Slings         | 1 2 3 4 5 6 7 8 9 10 | 10.7
Bows           | 1 2 3 4 5 6 7 8 9 10 | 10.7
Crossbows      | 1 2 3 4 5 6 7 8 9 10 | 10.7
Throwing       | 1 2 3 4 5 6 7 8 9 10 | 10.7
Armour         | 1 2 3 4 5 6 7 8 9 10 | 10.7
Shields        | 1 2 3 4 5 6 7 8 9 10 | 10.7
Unarmed Combat | 1 2 3 4 5 6 7 8 9 10 | 10.7
Spellcasting   | 1 2 3 4 5 6 7 8 9 10 | 10.7
Evocations     | 1 2 3 4 5 6 7 8 9 10 | 10.7
Conjurations   | 1 2 3 4 5 6 7 8 9 |  9.1
Hexes          | 1 2 3 4 5 6 7 8 9 |  9.1
Charms         | 1 2 3 4 5 6 7 8 9 |  9.1
Summonings     | 1 2 3 4 5 6 7 8 9 |  9.1
Necromancy     | 1 2 3 4 5 6 7 8 9 |  9.1
Translocations | 1 2 3 4 5 6 7 8 9 |  9.1
Transmutations | 1 2 3 4 5 6 7 8 9 |  9.1
Fire Magic     | 1 2 3 4 5 6 7 8 9 |  9.1
Ice Magic      | 1 2 3 4 5 6 7 8 9 |  9.1
Air Magic      | 1 2 3 4 5 6 7 8 9 |  9.1
Earth Magic    | 1 2 3 4 5 6 7 8 9 |  9.1
Poison Magic   | 1 2 3 4 5 6 7 8 9 |  9.1
Stealth        | 5 6 7 8 9 10 11 | 11.5
Fighting       | 7 8 9 10 11 12 | 12.3
Staves         | 7 8 9 10 11 12 | 12.3
Dodging        | 7 8 9 10 11 12 | 12.3

Action                   |  1- 3 |  4- 6 |  7- 9 | 10-12 | 13-15 | 16-18 || total
-------------------------+-------+-------+-------+-------+-------+-------++-------
Melee: Quarterstaff      |    95 |   197 |   367 |   548 |       |       ||  1207
       Bite              |    13 |    23 |    57 |    85 |   190 |    32 ||   400
       Morningstar       |       |       |     2 |       |       |       ||     2
       Whip              |       |       |       |    49 |  1047 |   118 ||  1214
       Punch             |       |       |       |     1 |    70 |    13 ||    84
       Demon trident     |       |       |       |       |    51 |       ||    51
       Unarmed           |       |       |       |       |       |    74 ||    74
 Fire: Hunting sling     |       |       |       |       |    57 |       ||    57
Throw: Javelin           |       |    20 |    31 |    52 |       |       ||   103
       Tomahawk          |       |       |       |       |    92 |    67 ||   159
 Cast: Statue Form       |       |       |       |       |       |     4 ||     4
       Irradiate         |       |       |       |       |       |     4 ||     4
Invok: Upheaval          |       |       |     5 |    11 |    19 |       ||    35
       Elemental Force   |       |       |       |     2 |     2 |       ||     4
       Become The Storm  |       |       |       |       |     1 |       ||     1
Evoke: Wand              |       |       |       |    17 |    36 |     9 ||    62
       Phial of floods   |       |       |       |       |     3 |     1 ||     4
  Use: Scroll            |     1 |     1 |     9 |     3 |    19 |     2 ||    35
       Potion            |       |       |       |     4 |     3 |    10 ||    17
 Stab: Sleeping          |     4 |       |       |       |       |       ||     4
       Paralysed         |       |       |       |       |     8 |       ||     8
       Distracted        |       |       |       |       |     2 |       ||     2
  Eat: Chunk             |     4 |     8 |    20 |    32 |    46 |     7 ||   117
       Ration            |       |     1 |     3 |     2 |     7 |     3 ||    16
Armor: Ring mail         |     9 |       |       |       |       |       ||     9
       Robe              |     2 |       |       |       |       |       ||     2
       Chain mail        |    31 |    74 |   167 |   193 |   321 |     7 ||   793
       Acid dragon scale |       |       |       |       |    56 |    43 ||    99
       Skin              |       |       |       |       |       |    34 ||    34
Dodge: Dodged            |    35 |    76 |   188 |   314 |   775 |   188 ||  1576
       Deflected         |       |       |       |       |    40 |     4 ||    44
Block: Other             |       |       |    34 |   103 |   362 |    83 ||   582
